 Dungeon Crawl Stone Soup version 0.28-a0-309-gf6d37e6e1d (webtiles) character file.

Game seed: 562927693722781059

538 Murumi the Chucker (level 7, 0/70 HPs)
             Began as an Ogre Gladiator on Aug 30, 2021.
             Was an Initiate of Okawaru.
             Slain by a water moccasin (7 damage)
             ... on level 5 of the Dungeon.
             The game lasted 00:22:57 (4089 turns).

Murumi the Chucker (Ogre Gladiator)                 Turns: 4089, Time: 00:22:59

Health: 0/70       AC:  4    Str: 19    XL:     7   Next: 26%
Magic:  8/8        EV: 10    Int: 11    God:    Okawaru [......]
Gold:   130        SH:  0    Dex: 10    Spells: 6/6 levels left

rFire   + . .      SeeInvis .   f - +0 whip
rCold   + . .      Faith    .   (no shield)
rNeg    . . .      Spirit   .   b - +0 robe
rPois   .          Reflect  .   c - +1 hat
rElec   .          Harm     .   (no cloak)
rCorr   .          Rampage  .   (gloves unavailable)
Will    .....                   (boots unavailable)
Stlth   ++........              j - amulet of regeneration
HPRegen 1.21/turn               l - ring of protection from cold
MPRegen 0.11/turn               u - ring of protection from fire

@: lethally poisoned (0 -> -9)
A: large, unfitting armour, tough skin 1
a: Renounce Religion


You were on level 5 of the Dungeon.
You worshipped Okawaru.
Okawaru was noncommittal.
You visited 1 branch of the dungeon, and saw 5 of its levels.

You collected 130 gold pieces.

Inventory:

Hand Weapons
 a - a +1 flail
 f - a +0 whip (weapon)
 p - a +0 great mace
 v - a +0 morningstar
Missiles
 e - 16 stones
 r - 12 poisoned darts
 s - 4 boomerangs (quivered)
Armour
 b - a +0 robe (worn)
 c - a +1 hat (worn)
Jewellery
 j - an amulet of regeneration (around neck)
 l - a ring of protection from cold (left hand)
 u - a ring of protection from fire (right hand)
Wands
 n - a wand of iceblast (4)
Scrolls
 g - 2 scrolls of amnesia
 h - a scroll of enchant armour
 t - a scroll of enchant weapon
Potions
 i - 2 potions of brilliance
 k - a potion of ambrosia {unknown}
 m - a potion of lignification {unknown}


   Skills:
 - Level 4.0 Fighting
 - Level 4.0 Maces & Flails
 + Level 4.1 Throwing
 - Level 1.0 Armour
 - Level 3.0 Dodging
 - Level 3.0 Stealth
 - Level 2.0 Invocations
 - Level 1.0 Evocations


You had 6 spell levels left.
You didn't know any spells.
Your spell library contained the following spells:

 Spells                   Type           Power      Damage    Failure   Level
 Shock                    Conj/Air       0%         1d3       34%         1
 Swiftness                Air            0%         N/A       71%         3
 Airstrike                Air            0%         N/A       98%         4


Dungeon Overview and Level Annotations

Branches:
Dungeon (5/15)
 Temple: D:4-7

Altars:
Ashenzari
Cheibriados
Dithmenos
Kikubaaqudgha
Makhleb
Okawaru
Ru
Uskayaw
Yredelemnul
Zin
The Shining One


Innate Abilities, Weirdness & Mutations

You are too large for most types of armour.
You have tough skin. (AC +1)


Message History

You hit the water moccasin.
The water moccasin is heavily wounded.
You feel very sick. The water moccasin bites you.
You barely miss the water moccasin.
The water moccasin is heavily wounded.
You feel very sick. The water moccasin bites you.
You are more poisoned.
The water moccasin poisons you!
You are too injured to fight recklessly!
You are too injured to fight recklessly!
You miss the water moccasin.
The water moccasin is heavily wounded.
You feel very sick. The water moccasin bites you.
* * * LOW HITPOINT WARNING * * *
You are lethally poisoned!
The water moccasin poisons you! The water moccasin bites you!
* * * LOW HITPOINT WARNING * * *
You feel better. The water moccasin bites you.
* * * LOW HITPOINT WARNING * * *
You are poisoned.
The water moccasin poisons you!
You closely miss the water moccasin.
The water moccasin is heavily wounded.
You feel very sick. The water moccasin bites you.
* * * LOW HITPOINT WARNING * * *
You hit the water moccasin but do no damage.
The water moccasin is heavily wounded.
You feel sick. The water moccasin bites you.
* * * LOW HITPOINT WARNING * * *
You closely miss the water moccasin.
The water moccasin is heavily wounded.
You feel sick. The water moccasin bites you.
* * * LOW HITPOINT WARNING * * *
You are lethally poisoned!
The water moccasin poisons you! The water moccasin bites you!
You die...

#.##...##.# #########.#.....#.##
#..................# #####
#.###.##........#.(# #...#
#.###.#........##..# #.#.
......##...##.###..#
...###.######...........#
#.#≈≈≈.##.#...S########......#
#.##≈..#.#.≈..@# #####.#
###.#..#....≈≈...## #.#
........###≈≈##...## ###.#
###.###.≈##≈.#.....## ###.... #
#.##..≈##.#.......## ##.#.#.#
###.#...≈≈##≈≈≈......####....#.#
.........≈..≈........'.......#.#
###.#...#≈≈.≈........##.#......#
........##≈≈........####.#.#.###


You could see a water moccasin.

Vanquished Creatures
  2 scorpions (D:4)
  4 hounds
  2 bullfrog skeletons
  An iguana (D:5)
  An orc wizard (D:4)
  7 gnolls
  2 adders
  An adder skeleton (D:4)
  3 worms
  A dart slug (D:1)
  13 orcs
  4 endoplasms
  2 giant cockroaches
  7 goblins
  10 hobgoblins
  3 jackals (D:2)
  8 kobolds
  9 ball pythons
  3 bats
  2 frilled lizards (D:1)
  3 rats
88 creatures vanquished.

Notes
Turn   | Place    | Note
-------+----------+-------------------------------------------
     0 | D:1      | Murumi the Ogre Gladiator began the quest for the Orb.
     0 | D:1      | Reached XP level 1. HP: 22/22 MP: 1/1
   192 | D:1      | Reached XP level 2. HP: 31/31 MP: 2/2
   560 | D:1      | Found a glowing silver altar of Zin.
   651 | D:1      | Reached skill level 1 in Stealth
   651 | D:1      | Reached XP level 3. HP: 8/37 MP: 3/3
  1170 | D:2      | Reached XP level 4. HP: 34/45 MP: 4/4
  1829 | D:3      | HP: 1/45 [orc (4)]
  1832 | D:3      | Reached skill level 1 in Armour
  1897 | D:3      | Found a shadowy altar of Dithmenos.
  2067 | D:3      | Reached XP level 5. HP: 50/53 MP: 5/5
  2303 | D:3      | Found a glowing golden altar of the Shining One.
  2305 | D:3      | Noticed an angel
  2310 | D:3      | Found a basalt altar of Yredelemnul.
  2312 | D:3      | Noticed a profane servitor
  2605 | D:4      | Reached skill level 1 in Evocations
  2638 | D:4      | Reached XP level 6. HP: 48/61 MP: 6/6
  3139 | D:4      | Found a snail-covered altar of Cheibriados.
  3335 | D:4      | Found a hide-covered altar of Uskayaw.
  3346 | D:4      | Found a broken altar of Ashenzari.
  3352 | D:4      | Found a sacrificial altar of Ru.
  3359 | D:4      | Found an ancient bone altar of Kikubaaqudgha.
  3365 | D:4      | Found an iron altar of Okawaru.
  3384 | D:4      | Found a glowing silver altar of Zin.
  3389 | D:4      | Found a burning altar of Makhleb.
  3571 | D:4      | Became a worshipper of Warmaster Okawaru
  3693 | D:5      | Entered Level 5 of the Dungeon
  3762 | D:4      | Reached skill level 1 in Invocations
  3762 | D:4      | Reached XP level 7. HP: 9/70 MP: 7/7
  4089 | D:5      | Slain by a water moccasin

Illustrated notes

Levels and vault maps discovered:
D:1:      dpeg_arrival_water_altar, layout_rooms, minmay_crystal_room
D:2:      layout_rooms, minmay_stone_trees_small, mrwooster_statue_mirror,
          st_stairs_9
D:3:      layout_loops_ring, grunt_temple_overflow_holy_war,
          nicolae_dithmenos_shadow_blocks
D:4:      layout_loops_ring, grunt_temple_overflow_octagram,
          general_overflow_altar
D:5:      layout_loops_corners, lemuel_round_altar, serial_rivers,
          chequers_serial_rivers_small_b, chequers_serial_rivers_micro_b,
          chequers_serial_rivers_room_b, chequers_serial_rivers_micro_b,
          chequers_serial_rivers_room_b, chequers_serial_rivers_large_a,
          minmay_manual_macuahuitl, uniq_pikel, uniq_edmund

Skill      XL: |  1  2  3  4  5  6  7 |
---------------+----------------------+-----
Fighting       | 3 4 |  4.0
Maces & Flails | 3 4 |  4.0
Dodging        | 3 |  3.0
Stealth        | 1 2 3 |  3.0
Throwing       | 3 4 |  4.1
Armour         | 1 |  1.0
Evocations     | 1 |  1.0
Invocations    | 1 2 |  2.0

Action                   |  1- 3 |  4- 6 |  7- 9 || total
-------------------------+-------+-------+-------++-------
Melee: Flail             |    13 |       |       ||    13
       Whip              |    77 |   249 |    61 ||   387
Throw: Stone             |    47 |    87 |       ||   134
       Throwing net      |     1 |       |     2 ||     3
       Dart              |       |     5 |       ||     5
       Boomerang         |       |       |     3 ||     3
Evoke: Wand              |       |     3 |       ||     3
  Use: Scroll            |     5 |     5 |     3 ||    13
       Potion            |       |     2 |     4 ||     6
 Stab: Sleeping          |     1 |     3 |     3 ||     7
       Held in net/web   |       |       |     1 ||     1
Armor: Robe              |    13 |    62 |    11 ||    86
Dodge: Dodged            |    38 |   112 |    23 ||   173

Table legend: (Time is in decaauts)
 A = Elapsed time spent in this place.
 B = Non-inter-level travel time spent in this place.
 C = Inter-level travel time spent in this place.
 D = Time resting spent in this place.
 E = Time spent auto-exploring this place.
 F = Levels seen in this place.
 G = Mean time per level.
                   A        B        C        D        E       F      G
               +--------+--------+--------+--------+--------+-----+--------+
         Total |   4071 |   3664 |    407 |     49 |   2710 |   5 |  814.2 |
       Dungeon |   4071 |   3664 |    407 |     49 |   2710 |   5 |  814.2 |
               +--------+--------+--------+--------+--------+-----+--------+

Top non-repeatable levels by time:
     D:4: 1307 daAuts
     D:1: 898 daAuts
     D:2: 832 daAuts
     D:3: 793 daAuts
     D:5: 239 daAuts
